 Dungeon Crawl Stone Soup version 0.18.1-5-g4a78601 (webtiles) character file.

1177 oplop the Changer (level 8, -4/52 HPs)
             Began as an Octopode Transmuter on May 10, 2016.
             Killed from afar by an orc wizard (6 damage)
             ... with a magic dart
             ... on level 6 of the Dungeon.
             The game lasted 00:13:14 (4914 turns).

oplop the Changer (Octopode Transmuter)             Turns: 4914, Time: 00:13:15

Health: -4/52      AC:  2    Str: 10    XL:     8   Next: 41%
Magic:  7/13       EV: 22    Int: 17    God:
Gold:   139        SH:  0    Dex: 17    Spells: 4 memorised, 4 levels left

rFire  . . .     SeeInvis .       - Unarmed
rCold  + . .     Gourm    .     (shield currently unavailable)
rNeg   . . .     Faith    .     (helmet currently unavailable)
rPois  x         Spirit   .     (no amulet)
rElec  .         Dismiss  .     g - ring of protection from cold
rCorr  .         Reflect  .     (no ring)
SustAt .         Harm     .     (no ring)
MR     .....                    (no ring)
Stlth  ++........               (no ring)
                                (no ring)
                                (no ring)
                                (no ring)

@: spider-form, very slightly contaminated, not resistant to hostile
enchantments, unstealthy
A: almost no armour, (amphibious), 8 rings, (constrict 8), (camouflage 0),
blurry vision 1, screaming 1, (gelatinous body 0)
a: End Transformation


You were on level 6 of the Dungeon.
You were hungry.
You were a venomous arachnid creature.
You visited 2 branches of the dungeon, and saw 7 of its levels.

You collected 199 gold pieces.
You spent 60 gold pieces at shops.

Inventory:

Missiles
 a - 98 arrows
Armour
 q - a +0 buckler
Jewellery
 g - a ring of protection from cold (left front leg)
 s - an uncursed ring of fire
 x - an uncursed ring of ice
Scrolls
 d - a scroll of torment {unknown}
 k - 2 scrolls of amnesia {unknown}
 m - 3 scrolls of enchant weapon {unknown}
 n - 2 scrolls of fear {unknown}
 o - 2 scrolls of teleportation
 w - a scroll of blinking {unknown}
 y - a scroll of identify
Potions
 e - 3 potions of haste
 h - a potion of agility
 i - 2 potions of curing
 j - 2 potions of heal wounds
 l - a potion of cure mutation
 p - a potion of brilliance
 t - 3 potions of might
 v - a potion of magic
 z - 2 potions of beneficial mutation {unknown}
Books
 b - a book of Changes

   Spells                             Type                      Level
   a - Beastly Appendage              Transmutation                1
   b - Sticks to Snakes               Transmutation                2
   c - Spider Form                    Transmutation/Poison         3
   d - Ice Form                       Ice/Transmutation            4
   e - Blade Hands                    Transmutation                5
Comestibles
 c - 7 bread rations
 f - 7 fruits
 r - 2 beef jerkies
 u - 2 chunks of flesh


   Skills:
 + Level 3.5 Fighting
 + Level 3.8 Dodging
 + Level 4.8 Unarmed Combat
 + Level 3.7 Spellcasting
 * Level 5.6 Transmutations
 * Level 3.6 Ice Magic


You had 4 spell levels left.
You knew the following spells:

 Your Spells              Type           Power        Failure   Level  Hunger
a - Beastly Appendage     Trmt           ###...       6%          1    None
b - Sticks to Snakes      Trmt           ###.....     10%         2    ##.....
c - Spider Form           Trmt/Pois      ##........   36%         3    ###....
d - Ice Form              Ice/Trmt       ###.....     45%         4    ####...


Dungeon Overview and Level Annotations

Branches:
Dungeon (6/15)             Temple (1/1) D:6

Altars:
Ashenzari
Cheibriados
Dithmenos
Elyvilon
Fedhas
Okawaru
Pakellas
Qazlal
Trog
Vehumet
Xom
Zin
The Shining One

Shops:
D:5 !

Annotations:
D:4 theY's ghost, amateur HOFi
D:5 Crazy Yiuf


Innate Abilities, Weirdness & Mutations

You cannot wear most types of armour.
((You are amphibious.))
You can wear up to eight rings at the same time.
((You can use your tentacles to constrict eight enemies at once.))
((Your skin changes colour to match your surroundings (Stealth).))
((Your rubbery body absorbs attacks (AC +1).))
Scrolls take you a little longer to read.
You occasionally shout uncontrollably at your foes.


Message History

The orc wizard is poisoned.
Your adder bites the orc.
The orc wizard gestures at you while chanting.
The magic dart hits you!
Your adder bites the orc but does no damage.
Unknown command.
Unknown command.
The orc misses your adder.
Your adder barely misses the orc.
Unknown command.
The orc misses your adder.
Your adder misses the orc.
Unknown command.
You hit the orc warrior but do no damage.
The orc warrior looks even sicker.
The orc warrior is lightly wounded.
Your adder bites the orc but does no damage.
The orc warrior hits you with a flail!
* * * LOW HITPOINT WARNING * * *
The orc hits your adder with a trident of protection!
The orc wizard points at you and mumbles some strange words.
The magic dart hits you!
You die...

.......................#
##...###..........####
......#.........#..
.##...........#.#..#
.............#...(.
.........###.......
..............#.. .
..##..#$........... ..
##....s###.#....
####.oo).......
###o.S...... ##.oo#....
##o..# ## o.... .#.###
.... .. ..


You could see an orc warrior, an orc wizard, 5 orcs and a friendly adder.

Vanquished Creatures
  Grinder (D:5)
  Eustachio (D:5)
  A sky beast (D:5)
  An ice beast (D:5)
  A giant frog (D:3)
  2 scorpions
  2 crimson imps (D:5)
  An orc priest (D:5)
  2 hounds
  An orc wizard (D:5)
  4 worker ants
  Robin (D:3)
  7 adders
  2 oozes (D:2)
  An adder zombie (D:5)
  An adder skeleton (D:5)
  3 worms
  A dart slug (D:1)
  2 giant geckos
  12 orcs
  A ball python (D:5)
  5 bats
  4 giant cockroaches
  10 goblins
  10 hobgoblins
  4 jackals (D:1)
  7 quokkas
  2 giant gecko skeletons (D:5)
  3 giant newts
  A jackal zombie (D:5)
  8 kobolds
  7 rats
109 creatures vanquished.

Vanquished Creatures (collateral kills)
  A worker ant (D:3)
1 creature vanquished.

Grand Total: 110 creatures vanquished

Notes
Turn   | Place    | Note
--------------------------------------------------------------
     0 | D:1      | oplop the Octopode Transmuter began the quest for the Orb.
     0 | D:1      | Reached XP level 1. HP: 13/13 MP: 3/3
   135 | D:1      | Reached XP level 2. HP: 10/18 MP: 5/5
   141 | D:1      | Learned a level 2 spell: Sticks to Snakes
   408 | D:1      | Reached XP level 3. HP: 19/23 MP: 4/6
  1209 | D:2      | Reached skill level 3 in Transmutations
  1503 | D:2      | Learned a level 3 spell: Spider Form
  1511 | D:2      | Reached XP level 4. HP: 25/28 MP: 0/7
  1956 | D:3      | Found an oddly glowing altar of Pakellas.
  1957 | D:3      | Noticed a giant frog
  1971 | D:3      | You fall through a shaft!
  2116 | D:4      | Noticed theY's ghost (amateur HOFi)
  2160 | D:3      | Found a shimmering altar of Xom.
  2364 | D:4      | Noticed a phantom
  2527 | D:3      | Noticed Robin
  2548 | D:3      | Reached XP level 5. HP: 26/34 MP: 3/8
  2566 | D:3      | Killed Robin
  2732 | D:3      | Found a blossoming altar of Fedhas.
  2956 | D:3      | Reached skill level 4 in Transmutations
  2956 | D:3      | Reached XP level 6. HP: 39/41 MP: 6/10
  3103 | D:4      | Learned a level 4 spell: Ice Form
  3281 | D:5      | Entered Level 5 of the Dungeon
  3281 | D:5      | Noticed Grinder
  3282 | D:5      | Paralysed by Grinder for 3 turns
  3290 | D:5      | Killed Grinder
  3290 | D:5      | Reached skill level 1 in Ice Magic
  3290 | D:5      | Reached XP level 7. HP: 45/45 MP: 11/11
  3475 | D:5      | Noticed Crazy Yiuf
  3707 | D:5      | Found Buir's Distillery.
  3804 | D:5      | Bought a potion of heal wounds for 60 gold pieces
  3804 | D:5      | Gained mutation: Scrolls take you a little longer to read. [mutagenic meat]
  3805 | D:5      | Gained mutation: You occasionally shout uncontrollably at your foes. [mutagenic meat]
  3891 | D:5      | Reached skill level 5 in Transmutations
  3953 | D:5      | Reached XP level 8. HP: 31/52 MP: 11/13
  4118 | D:5      | Noticed Eustachio
  4129 | D:5      | Killed Eustachio
  4187 | D:5      | Found a radiant altar of Vehumet.
  4622 | D:5      | Found a snail-covered altar of Cheibriados.
  4622 | D:5      | Found a stormy altar of Qazlal.
  4714 | D:6      | Found a staircase to the Ecumenical Temple.
  4765 | Temple   | Entered the Ecumenical Temple
  4914 | D:6      | HP: 2/52 [orc warrior/flail (17)]
  4914 | D:6      | Killed from afar by an orc wizard

Skill      XL: |  1  2  3  4  5  6  7 |
---------------+----------------------+-----
Transmutations | 3 4 5 |  5.6
Fighting       | 2 3 |  3.5
Unarmed Combat | 4 |  4.8
Dodging        | 3 |  3.8
Spellcasting   | 3 |  3.7
Ice Magic      | 1 3 |  3.6

Action                   |  1- 3 |  4- 6 |  7- 9 || total
-------------------------+-------+-------+-------++-------
Melee: Unarmed           |    75 |   120 |   113 ||   308
       Constrict         |    20 |    10 |     9 ||    39
       Tentacles         |    10 |    11 |    10 ||    31
       Kick              |    10 |     3 |     3 ||    16
       Punch             |     1 |     1 |     1 ||     3
 Cast: Beastly Appendage |    16 |     2 |     4 ||    22
       Spider Form       |     1 |     9 |    11 ||    21
       Sticks to Snakes  |       |     2 |     1 ||     3
       Ice Form          |       |       |     2 ||     2
 Abil: End Transformatio |       |       |     3 ||     3
  Use: Potion            |       |     2 |       ||     2
       Scroll            |       |    10 |     2 ||    12
 Stab: Sleeping          |     4 |     4 |     1 ||     9
  Eat: Chunk             |     1 |     8 |     6 ||    15
       Meat ration       |       |     1 |       ||     1
Armor: Skin              |     5 |    12 |    14 ||    31
Dodge: Dodged            |    22 |    89 |    77 ||   188
